2316 views
Uploaded 2023-01-08 18:49:06
Game version 1.32.10
15:23 long 2on2 ladder game on (4)TwistedMeadows
Saved by DKnight
2316 views
Uploaded 2023-01-08 18:49:06
Game version 1.32.10
15:23 long 2on2 ladder game on (4)TwistedMeadows


65 units @ 10.6k
/ 2.1k
24 buildings @ 4.3k
/ 1.6k


| Rod of Necromancy | 3 | 450 |
| Potion of Mana | 2 | 400 |
| Orb of Corruption | 1 | 375 |
| Potion of Healing | 1 | 150 |
| Scroll of Healing | 1 | 250 |
| Scroll of Town Portal | 1 | 350 |
| total: | 9 | 1975g |
| Acolyte | 4 | 300 | / | 0 |
| Ghoul | 2 | 240 | / | 0 |
| Crypt Fiend | 9 | 1935 | / | 360 |
| Obsidian Statue | 5 | 1000 | / | 175 |
| total: | 20 | 3475g | / | 535w |
| Nerubian Tower | 2 | 200 | / | 40 |
| Altar of Darkness | 1 | 180 | / | 50 |
| Crypt | 1 | 200 | / | 50 |
| Ziggurat | 5 | 750 | / | 250 |
| Tomb of Relics | 1 | 130 | / | 30 |
| Graveyard | 2 | 430 | / | 0 |
| Slaughterhouse | 1 | 140 | / | 135 |
| Halls of the Dead | 2 | 640 | / | 420 |
| Black Citadel | 1 | 325 | / | 230 |
| total: | 11 | 1830g | / | 515w |
| 0:08 | Altar of Darkness |
| 0:11 | Crypt |
| 0:13 | Acolyte |
| 0:27 | Ziggurat |
| 0:35 | Acolyte |
| 0:35 | Acolyte |
| 0:53 | Acolyte |
| 1:09 | Tomb of Relics |
| 1:19 | Ghoul |
| 1:35 | Graveyard |
| 1:36 | Graveyard |
| 1:56 | Ghoul |
| 2:18 | Rod of Necromancy |
| 2:20 | Death Coil |
| 2:23 | Ziggurat |
| 3:03 | Halls of the Dead |
| 3:28 | Crypt Fiend |
| 3:48 | Crypt Fiend |
| 4:17 | Ziggurat |
| 4:18 | Crypt Fiend |
| 4:23 | Rod of Necromancy |
| 4:34 | Nerubian Tower |
| 5:15 | Crypt Fiend |
| 5:43 | Unholy Aura |
| 6:02 | Slaughterhouse |
| 6:27 | Crypt Fiend |
| 6:35 | Potion of Mana |
| 6:42 | Ziggurat |
| 6:45 | Frost Nova |
| 6:49 | Rod of Necromancy |
| 6:51 | Web |
| 7:25 | Obsidian Statue |
| 7:59 | Black Citadel |
| 8:30 | Death Coil |
| 8:35 | Crypt Fiend |
| 8:36 | Obsidian Statue |
| 8:38 | Frost Armor |
| 8:55 | Potion of Mana |
| 9:40 | Crypt Fiend |
| 9:43 | Burrow |
| 9:44 | Ziggurat |
| 10:41 | Destroyer Form |
| 10:45 | Scroll of Healing |
| 10:46 | Orb of Corruption |
| 11:12 | Crypt Fiend |
| 11:50 | Scroll of Town Portal |
| 11:51 | Potion of Healing |
| 11:55 | Obsidian Statue |
| 12:17 | Obsidian Statue |
| 12:45 | Obsidian Statue |
| 12:49 | Creature Attack |
| 14:41 | Crypt Fiend |
| Right click | 1073 |
| Select group | 741 |
| Select | 299 |
| Build/train/purchase | 79 |
| Misc. action | 57 |
| Assign group | 43 |
| Chat | 38 |
| Use ability | 27 |
| Item give/drop | 7 |


| Staff of Preservation | 1 | 150 |
| Orb of Venom | 1 | 325 |
| Scroll of Town Portal | 5 | 1750 |
| total: | 7 | 2225g |
| Wisp | 16 | 960 | / | 0 |
| Archer | 3 | 390 | / | 30 |
| Dryad | 6 | 870 | / | 360 |
| Druid of the Claw | 12 | 3060 | / | 960 |
| Forest Troll Shadow Priest | 2 | 390 | / | 20 |
| Forest Troll Berserker | 6 | 1470 | / | 180 |
| total: | 45 | 7140g | / | 1550w |
| Altar of Elders | 1 | 180 | / | 50 |
| Moon Well | 4 | 720 | / | 160 |
| Ancient of War | 2 | 300 | / | 120 |
| Ancient of Wonders | 1 | 90 | / | 30 |
| Hunter's Hall | 1 | 210 | / | 100 |
| Tree of Life | 2 | 680 | / | 370 |
| Ancient of Lore | 2 | 310 | / | 290 |
| Tree of Ages | 2 | 640 | / | 360 |
| Tree of Eternity | 1 | 330 | / | 200 |
| total: | 13 | 2490g | / | 1120w |
| 0:01 | Wisp |
| 0:01 | Wisp |
| 0:01 | Wisp |
| 0:07 | Altar of Elders |
| 0:18 | Moon Well |
| 0:41 | Wisp |
| 0:41 | Wisp |
| 0:51 | Ancient of War |
| 0:59 | Wisp |
| 1:23 | Wisp |
| 1:23 | Wisp |
| 1:28 | Moon Well |
| 2:02 | Ancient of War |
| 2:03 | Wisp |
| 2:03 | Wisp |
| 2:04 | Wisp |
| 2:31 | Archer |
| 2:35 | Wisp |
| 2:44 | Force of Nature |
| 2:44 | Force of Nature |
| 2:51 | Forest Troll Shadow Priest |
| 2:51 | Forest Troll Shadow Priest |
| 3:05 | Archer |
| 3:40 | Forest Troll Berserker |
| 3:40 | Forest Troll Berserker |
| 3:40 | Forest Troll Berserker |
| 3:50 | Tree of Ages |
| 4:02 | Ancient of Wonders |
| 4:46 | Moon Well |
| 5:06 | Entangling Roots |
| 5:12 | Forest Troll Berserker |
| 5:12 | Forest Troll Berserker |
| 5:13 | Forest Troll Berserker |
| 5:23 | Hunter's Hall |
| 5:32 | Archer |
| 6:21 | Force of Nature |
| 6:27 | Frost Arrows |
| 6:36 | Ancient of Lore |
| 6:47 | Ancient of Lore |
| 6:54 | Staff of Preservation |
| 7:21 | Tree of Eternity |
| 7:31 | Moon Well |
| 8:16 | Dryad |
| 8:31 | Dryad |
| 8:46 | Dryad |
| 8:46 | Dryad |
| 8:46 | Dryad |
| 9:09 | Dryad |
| 9:25 | Druid of the Claw Adept Training |
| 9:25 | Druid of the Claw Master Training |
| 9:35 | Tree of Life |
| 9:37 | Forked Lightning |
| 9:52 | Orb of Venom |
| 10:02 | Scroll of Town Portal |
| 10:02 | Scroll of Town Portal |
| 10:02 | Scroll of Town Portal |
| 10:46 | Tree of Life |
| 11:13 | Scroll of Town Portal |
| 11:17 | Mark of the Claw |
| 11:46 | Druid of the Claw |
| 11:46 | Druid of the Claw |
| 11:46 | Druid of the Claw |
| 12:09 | Druid of the Claw |
| 12:09 | Druid of the Claw |
| 12:09 | Druid of the Claw |
| 12:51 | Wisp |
| 12:51 | Wisp |
| 12:51 | Wisp |
| 12:51 | Wisp |
| 12:58 | Scroll of Town Portal |
| 13:16 | Druid of the Claw |
| 13:16 | Druid of the Claw |
| 14:36 | Druid of the Claw |
| 14:43 | Druid of the Claw |
| 14:43 | Druid of the Claw |
| 14:43 | Druid of the Claw |
| Right click | 1087 |
| Assign group | 697 |
| Select | 326 |
| Misc. action | 264 |
| Select group | 228 |
| Chat | 94 |
| Build/train/purchase | 91 |
| Use ability | 41 |
| Minimap ping | 10 |
| Esc | 3 |
| Item give/drop | 1 |
48 units @ 6.5k
/ 1k
28 buildings @ 4.8k
/ 1.7k


| Staff of Preservation | 2 | 300 |
| Orb of Venom | 1 | 325 |
| Scroll of Town Portal | 2 | 700 |
| Boots of Speed | 1 | 250 |
| Staff of Teleportation | 1 | 150 |
| total: | 7 | 1725g |
| Wisp | 19 | 1140 | / | 0 |
| Archer | 4 | 520 | / | 40 |
| Dryad | 1 | 145 | / | 60 |
| Druid of the Claw | 5 | 1275 | / | 400 |
| Forest Troll Shadow Priest | 1 | 195 | / | 10 |
| total: | 30 | 3275g | / | 510w |
| Altar of Elders | 1 | 180 | / | 50 |
| Moon Well | 6 | 1080 | / | 240 |
| Ancient of War | 2 | 300 | / | 120 |
| Ancient of Wonders | 1 | 90 | / | 30 |
| Hunter's Hall | 2 | 420 | / | 200 |
| Tree of Life | 1 | 340 | / | 185 |
| Ancient of Lore | 2 | 310 | / | 290 |
| Tree of Ages | 1 | 320 | / | 180 |
| Tree of Eternity | 1 | 330 | / | 200 |
| total: | 15 | 2720g | / | 1115w |
| 0:01 | Wisp |
| 0:05 | Altar of Elders |
| 0:13 | Wisp |
| 0:16 | Moon Well |
| 0:19 | Wisp |
| 0:38 | Ancient of War |
| 0:45 | Wisp |
| 0:46 | Wisp |
| 0:57 | Wisp |
| 1:03 | Wisp |
| 1:31 | Moon Well |
| 1:34 | Wisp |
| 1:40 | Archer |
| 1:53 | Ancient of Wonders |
| 1:57 | Wisp |
| 2:11 | Wisp |
| 2:12 | Wisp |
| 2:27 | Moon Well |
| 2:33 | Wisp |
| 2:43 | Mana Burn |
| 3:06 | Wisp |
| 3:16 | Ancient of War |
| 3:19 | Evasion |
| 3:23 | Wisp |
| 3:57 | Tree of Ages |
| 4:26 | Archer |
| 4:31 | Hunter's Hall |
| 4:32 | Hunter's Hall |
| 4:43 | Forest Troll Shadow Priest |
| 4:52 | Archer |
| 5:08 | Archer |
| 5:11 | Moon Well |
| 5:37 | Mana Burn |
| 5:49 | Boots of Speed |
| 5:49 | Staff of Teleportation |
| 6:24 | Ancient of Lore |
| 6:25 | Ancient of Lore |
| 6:44 | Tree of Eternity |
| 7:37 | Scroll of Town Portal |
| 7:37 | Staff of Preservation |
| 7:57 | Breath of Fire |
| 8:29 | Dryad |
| 8:30 | Abolish Magic |
| 8:50 | Druid of the Claw Adept Training |
| 9:15 | Drunken Haze |
| 9:32 | Orb of Venom |
| 9:42 | Moon Well |
| 9:44 | Druid of the Claw Master Training |
| 9:45 | Staff of Preservation |
| 10:08 | Druid of the Claw |
| 10:57 | Druid of the Claw |
| 10:58 | Druid of the Claw |
| 11:41 | Breath of Fire |
| 11:45 | Tree of Life |
| 12:03 | Druid of the Claw |
| 12:44 | Scroll of Town Portal |
| 13:08 | Druid of the Claw |
| 13:12 | Moon Well |
| 13:13 | Strength of the Wild |
| 13:15 | Ultravision |
| 13:15 | Well Spring |
| 14:44 | Wisp |
| 14:44 | Wisp |
| 14:44 | Wisp |
| 14:44 | Wisp |
| 14:44 | Wisp |
| 15:17 | Drunken Haze |
| Right click | 836 |
| Select group | 644 |
| Select | 511 |
| Misc. action | 265 |
| Assign group | 81 |
| Use ability | 81 |
| Build/train/purchase | 68 |
| Item give/drop | 4 |
| Resource trade | 4 |
| Esc | 3 |
| Minimap ping | 2 |



| Rod of Necromancy | 4 | 600 |
| Orb of Corruption | 1 | 375 |
| Scroll of Town Portal | 1 | 350 |
| Scroll of Healing | 1 | 250 |
| Potion of Lesser Invulnerability | 1 | 150 |
| total: | 8 | 1725g |
| Acolyte | 3 | 225 | / | 0 |
| Ghoul | 2 | 240 | / | 0 |
| Crypt Fiend | 9 | 1935 | / | 360 |
| Obsidian Statue | 4 | 800 | / | 140 |
| total: | 18 | 3200g | / | 500w |
| Nerubian Tower | 1 | 100 | / | 20 |
| Graveyard | 2 | 430 | / | 0 |
| Crypt | 1 | 200 | / | 50 |
| Altar of Darkness | 1 | 180 | / | 50 |
| Ziggurat | 5 | 750 | / | 250 |
| Tomb of Relics | 3 | 390 | / | 90 |
| Slaughterhouse | 1 | 140 | / | 135 |
| Halls of the Dead | 1 | 320 | / | 210 |
| Black Citadel | 2 | 650 | / | 460 |
| total: | 13 | 2090g | / | 575w |
| 0:01 | Acolyte |
| 0:06 | Graveyard |
| 0:08 | Crypt |
| 0:10 | Graveyard |
| 0:17 | Acolyte |
| 0:39 | Altar of Darkness |
| 0:55 | Ziggurat |
| 1:09 | Ghoul |
| 1:21 | Tomb of Relics |
| 1:47 | Crypt Fiend |
| 1:50 | Nerubian Tower |
| 2:08 | Ziggurat |
| 2:21 | Crypt Fiend |
| 2:42 | Rod of Necromancy |
| 2:43 | Death Coil |
| 3:05 | Crypt Fiend |
| 3:49 | Halls of the Dead |
| 3:56 | Ghoul |
| 4:18 | Crypt Fiend |
| 4:21 | Ziggurat |
| 4:36 | Creature Attack |
| 4:45 | Unholy Aura |
| 5:13 | Crypt Fiend |
| 5:45 | Rod of Necromancy |
| 6:20 | Burrow |
| 6:22 | Slaughterhouse |
| 6:45 | Death Coil |
| 7:06 | Black Citadel |
| 7:18 | Rod of Necromancy |
| 7:33 | Frost Nova |
| 7:33 | Obsidian Statue |
| 7:35 | Ziggurat |
| 7:49 | Dark Ritual |
| 8:02 | Obsidian Statue |
| 9:44 | Howl of Terror |
| 9:51 | Rod of Necromancy |
| 9:53 | Destroyer Form |
| 9:55 | Orb of Corruption |
| 10:03 | Frost Nova |
| 10:33 | Crypt Fiend |
| 11:01 | Tomb of Relics |
| 11:24 | Improved Creature Attack |
| 11:24 | Ziggurat |
| 11:48 | Tomb of Relics |
| 12:44 | Crypt Fiend |
| 12:46 | Scroll of Town Portal |
| 12:47 | Potion of Lesser Invulnerability |
| 12:51 | Scroll of Healing |
| 12:57 | Obsidian Statue |
| 13:17 | Crypt Fiend |
| 13:18 | Web |
| 13:40 | Acolyte |
| 14:20 | Death Pact |
| 14:52 | Cleaving Attack |
| 14:55 | Crypt Fiend |
| 14:56 | Obsidian Statue |
| Select group | 1398 |
| Right click | 1074 |
| Select | 281 |
| Misc. action | 244 |
| Build/train/purchase | 92 |
| Use ability | 30 |
| Assign group | 29 |
| Minimap ping | 8 |
| Esc | 4 |
| Item give/drop | 2 |